 Dungeon Crawl Stone Soup version 0.29.0-13-gc9e81de378 (webtiles) character file.

Game seed: 11753348052820809037

396 mdonais the Covered (level 7, 0/61 HPs)
             Began as a Meteoran Fighter on Sept 10, 2022.
             Was a Priest of Uskayaw.
             Succumbed to Eustachio's poison
             ... on level 4 of the Dungeon.
             The game lasted 00:08:21 (1102 turns).

mdonais the Covered (Meteoran Fighter)              Turns: 1102, Time: 00:08:22

Health: 0/61       AC:  6    Str: 20    XL:     7   Next: 31%
Magic:  8/8        EV:  9    Int: 10    God:    Uskayaw [***...]
Gold:   161        SH: 11    Dex: 13    Spells: 6/6 levels left

rFire   . . .      SeeInvis .   a - +0 war axe
rCold   . . .      Faith    .   s - +2 kite shield
rNeg    . . .      Spirit   .   p - +0 troll leather armour {Pargi}
rPois   .          Reflect  .   (no helmet)
rElec   .          Harm     .   l - +0 cloak
rCorr   .          Rampage  .   (no gloves)
Will    .....                   (no boots)
Stlth   +.........              (no amulet)
HPRegen 1.00/turn               (no ring)
MPRegen 0.11/turn               (no ring)

@: mighty, lethally poisoned (0 -> -23), glowing
A: sense surroundings 1, otherworldly, glowing, explore regen
a: Renounce Religion, Stomp, Line Pass


You were on level 4 of the Dungeon.
You worshipped Uskayaw.
Uskayaw was noncommittal.
You visited 1 branch of the dungeon, and saw 4 of its levels.

You collected 161 gold pieces.

Inventory:

Hand Weapons
 a - a +0 war axe (weapon)
 e - a +1 dagger of flaming
   (You took it off a kobold on level 1 of the Dungeon)
Missiles
 j - 11 poisoned darts (quivered)
 t - 3 boomerangs
 v - 5 javelins
Armour
 b - a +0 scale mail
 c - a +0 buckler
 l - a +0 cloak (worn)
   (You found it on level 2 of the Dungeon)
 p - a +0 troll leather armour (worn) {Pargi}
   (You found it on level 3 of the Dungeon)
 s - a +2 kite shield (worn)
   (You found it on level 4 of the Dungeon)
Wands
 V - a wand of flame (24)
   (You found it on level 2 of the Dungeon)
Scrolls
 i - 2 scrolls of immolation
 o - 2 scrolls of amnesia {unknown}
 u - a scroll of fear
 B - a scroll of blinking
Potions
 f - 2 potions of ambrosia {unknown}
 g - a potion of flight {unknown}
 m - a potion of heal wounds
 n - a potion of degeneration {unknown}
 q - a potion of lignification {unknown}
 r - a potion of resistance {unknown}


   Skills:
 + Level 5.3 Fighting
 + Level 5.1 Axes
 + Level 5.8 Armour
 * Level 4.0 Shields


You had 6 spell levels left.
You didn't know any spells.
Your spell library contained the following spells:

 Spells                   Type           Power      Damage    Failure   Level
 Beastly Appendage        Tmut           0%         N/A       78%         1
 Freeze                   Ice            0%         1d3       78%         1
 Sting                    Tmut/Pois      0%         1d3       78%         1
 Ensorcelled Hibernation  Hex/Ice        0%         N/A       89%         2
 Poisonous Vapours        Pois/Air       0%         N/A       89%         2
 Wereblood                Tmut           0%         N/A       89%         2
 Frozen Ramparts          Ice            0%         1d1       98%         3
 Spider Form              Tmut/Pois      0%         N/A       98%         3
 Hailstorm                Conj/Ice       0%         3d3       100%        4
 Olgreb's Toxic Radiance  Pois           0%         N/A       100%        4


Dungeon Overview and Level Annotations

Branches:
Dungeon (4/15) Zot: 1226
 Temple: D:4-7

Altars:
Qazlal
Uskayaw

Shops:
D:1 !

Annotations:
D:4 Eustachio


Innate Abilities, Weirdness & Mutations

You passively map a small area around you.
You are easily found by Zot.
You glow in the dark.
You regain HP and MP as you explore.


Message History

You can now pass through a line of other dancers.
You regained 2 hp, and now have 36/61 hp.
You hit the gnoll but do no damage.
The gnoll is moderately wounded.
The gnoll hits you but does no damage.
You slash the gnoll!
You kill the gnoll!
You closely miss the giant cockroach.
The giant cockroach bites you but does no damage.
You slash the giant cockroach!
You kill the giant cockroach!
There is a stone staircase leading down, spattered with blood here.
Things that are here:
a +0 halberd; a giant cockroach corpse; a gnoll corpse
Z - a throwing net {=!f}
There is a stone staircase leading up here.
Things that are here:
a +0 spear; a gnoll corpse You regained 2 hp, and now have 43/61 hp.
Things that are here:
a +0 short sword; a kobold corpse You regained 5 hp, and now have 49/61 hp.
You now have 143 gold pieces (gained 16).
A kobold comes into view. It is wielding a +0 club.
You can no longer pass through a line of other dancers.
You regained 2 hp, and now have 51/61 hp.
You see here a +2 kite shield.
You regained 2 hp, and now have 54/61 hp.
s - a +2 kite shield You start removing your armour.
You continue taking off your +0 buckler. x4
You finish taking off your +0 buckler.
You start putting on your armour.
You continue putting on your +2 kite shield.
HP restored.
You continue putting on your +2 kite shield. x4
You finish putting on your +2 kite shield.
Health restored: 61
Found a scroll labelled OXTOEN ZUMOCW.
Found 18 gold pieces.
u - a scroll labelled OXTOEN ZUMOCW You now have 161 gold pieces (gained 18).
Found a yellow potion.
m - 2 yellow potions (gained 1)
As you read the scroll labelled KAPUMI DIVVOS, it crumbles to dust.
It is a scroll of identify.
h - a scroll of blinking;
B - a scroll of blinking;
R - 2 scrolls of identify
As you read the scroll of identify, it crumbles to dust.
i - 2 scrolls of immolation
As you read the scroll of identify, it crumbles to dust.
u - a scroll of fear The kobold shouts!
There is an escape hatch in the floor here.
The kobold throws a stone.
The stone hits you but does no damage.
The kobold throws a stone.
The stone hits you but does no damage. You block the kobold's attack.
You hit the kobold but do no damage.
Eustachio the Magnificent comes into view.
He is wielding a +1 falchion of venom.
The kobold hits you but does no damage.
Okay, then.
You miss the kobold.
Eustachio shouts!
The kobold hits you but does no damage. x2
Okay, then.
Throw: throwing net {=!f}
Press: ? - help, Q - select action, (/) - cycle Shift-Dir - straight line, f - Eustachio
Aim: Eustachio, wielding a +1 falchion of venom and wearing a +0 leather armour (48% to hit)
You throw a throwing net {=!f}.
The throwing net {=!f} closely misses Eustachio.
Eustachio gestures wildly while chanting.
You block the kobold's attack.
You feel very mighty all of a sudden. You block the bat's attack.
Eustachio hits you with a +1 falchion of venom.
You are poisoned.
The kobold hits you with a +0 club. You block the river rat's attack.
You take 6 damage, and have 55/61 hp.
You slash Eustachio!
Eustachio is heavily wounded.
You hit the river rat but do no damage. You barely miss the river rat.
You closely miss the kobold.
You feel very sick. The bat hits you but does no damage.
Eustachio hits you with a +1 falchion of venom.
You are more poisoned.
The kobold hits you but does no damage. You block the river rat's attack.
The river rat barely misses you.
You take 5 damage, and have 50/61 hp.
You barely miss Eustachio.
Eustachio is heavily wounded.
You slash the river rat! You closely miss the kobold. You slash the river rat!
You kill the river rat!
The river rat's corpse disappears in a puff of smoke!
You feel very sick. The bat hits you but does no damage. x2
Eustachio hits you with a +1 falchion of venom.
You are more poisoned.
The kobold hits you but does no damage. You block the river rat's attack.
Eustachio hits you with a +1 falchion of venom.
You are more poisoned.
You block the kobold's attack. You block the river rat's attack.
The bat hits you but does no damage.
You can now pass through a line of other dancers.
You take 10 damage, and have 40/61 hp.
You closely miss Eustachio.
Eustachio is heavily wounded.
You closely miss the river rat. You closely miss the bat. You slash the kobold!
You kill the kobold!
You feel extremely sick. You block the bat's attack.
The bat hits you but does no damage.
Eustachio hits you with a +1 falchion of venom!
You are lethally poisoned!
A goblin comes into view. It is wielding a +0 dagger.
The river rat bites you.
* * * LOW HITPOINT WARNING * * *
You take 22 damage, and have 18/61 hp.
MASSIVE DAMAGE!!
It was a potion of heal wounds.
You feel much better.
You feel extremely sick.
The goblin shouts!
You block the bat's attack. Eustachio hits you but does no damage.
You block the river rat's attack.
You regained 10 hp, and now have 28/61 hp.
You slash Eustachio!
Eustachio is severely wounded.
You hit the river rat but do no damage.
You feel extremely sick. You block the bat's attack.
Eustachio hits you with a +1 falchion of venom!
* * * LOW HITPOINT WARNING * * *
You are more poisoned.
You block the river rat's attack. You block Eustachio's attack.
The goblin hits you but does no damage.
Uskayaw will force your foes to helplessly watch your dance.
Uskayaw prepares the audience for your solo!
You take 20 damage, and have 8/61 hp.
MASSIVE DAMAGE!!
The helpless Eustachio fails to defend himself.
You slash Eustachio!
Eustachio is almost dead.
The helpless bat fails to defend itself.
You slash the bat!
You kill the bat!
The bat's corpse disappears in a puff of smoke!
The helpless goblin fails to defend itself.
You slash the goblin!
You kill the goblin!
The helpless river rat fails to defend itself.
You hit the river rat.
You kill the river rat!
The river rat's corpse disappears in a puff of smoke!
You die...

. , ,.# ... , ,*
#########.*##.. ,
.........##.... * *
....# #.#.. #.#
....###.#.#*#.#
........#.# #.#
....#.....###.###
....^..##......)#####
......#######(.@@...#
##....# ###.ยงยง.>#
#....## #######...#
.....######.......###
..................#
<)##...####.......#
>.<....# #....####
....).......####
##..#...####


You could see Eustachio (paralysed).

Vanquished Creatures
  Pargi (D:3)
  A bullfrog (D:3)
  An orc priest (D:3)
  2 hounds
  3 adders
  7 gnolls
  2 dart slugs
  4 orcs (D:3)
  2 endoplasms (D:1)
  5 giant cockroaches
  5 goblins
  3 hobgoblins (D:3)
  2 quokkas
  5 ball pythons
  4 bats
  2 frilled lizards
  6 kobolds
  5 rats
60 creatures vanquished.

Notes
Turn   | Place    | Note
-------+----------+-------------------------------------------
     0 | D:1      | mdonais the Meteoran Fighter began the quest for the Orb.
     0 | D:1      | Reached XP level 1. HP: 19/19 MP: 2/2
    16 | D:1      | Found a faded altar of an unknown god.
    21 | D:1      | Reached XP level 2. HP: 22/26 MP: 3/3
    25 | D:1      | Found Oppemej's Distillery.
    29 | D:1      | Prayed at the altar of an unknown god.
    29 | D:1      | Became a worshipper of Uskayaw the Reveller
    29 | D:1      | Reached * piety under Uskayaw
   126 | D:1      | Reached ** piety under Uskayaw
   271 | D:2      | Reached XP level 3. HP: 31/31 MP: 4/4
   467 | D:3      | Noticed Pargi
   478 | D:2      | Reached XP level 4. HP: 26/40 MP: 5/5
   619 | D:2      | You fall into a shaft and drop 2 floors!
   640 | D:4      | Reached XP level 5. HP: 28/46 MP: 6/6
   647 | D:4      | Got Buguubb's Omnibus of Numb Evolution
   711 | D:3      | Reached *** piety under Uskayaw
   717 | D:3      | Reached **** piety under Uskayaw
   718 | D:3      | Killed Pargi
   719 | D:3      | Reached skill level 5 in Armour
   719 | D:3      | Reached XP level 6. HP: 16/53 MP: 3/7
   778 | D:3      | Found a stormy altar of Qazlal.
   905 | D:3      | Reached skill level 5 in Fighting
   936 | D:3      | Reached XP level 7. HP: 14/61 MP: 8/8
   939 | D:3      | Reached ***** piety under Uskayaw
   940 | D:3      | Reached skill level 5 in Axes
  1093 | D:4      | Noticed Eustachio
  1102 | D:4      | Succumbed to Eustachio's poison

Illustrated notes

Levels and vault maps discovered:
D:1:      mrwooster_arrival_statue_3, layout_loops_ring, basic_ecumenical_altar,
          serial_shops, shop, minmay_misc_feat_room, chequers_garden,
          minmay_tiny_reverse_x
D:2:      layout_basic
D:3:      layout_rooms, nicolae_qazlal_scattered_showers, uniq_pargi
D:4:      layout_rooms, kennysheep_little_box, minmay_goblin_outpost,
          uniq_eustachio, uniq_blork_the_orc, uniq_natasha, uniq_menkaure

Skill      XL: |  1  2  3  4  5  6  7 |
---------------+----------------------+-----
Axes           | 3 4 5 |  5.1
Armour         | 4 5 |  5.8
Shields        | 4 |  4.0
Fighting       | 4 5 |  5.3

Action                   |  1- 3 |  4- 6 |  7- 9 || total
-------------------------+-------+-------+-------++-------
Melee: War axe           |    76 |    94 |    20 ||   190
Throw: Dart              |       |     1 |       ||     1
       Throwing net      |       |       |     1 ||     1
Invok: Stomp             |       |     1 |       ||     1
Evoke: Wand              |       |     1 |       ||     1
  Use: Scroll            |       |       |     3 ||     3
       Potion            |       |       |     2 ||     2
 Stab: Paralysed         |       |     3 |     4 ||     7
Armor: Scale mail        |    64 |    47 |       ||   111
       Troll leather arm |       |    21 |    19 ||    40
Dodge: Dodged            |    40 |    56 |     9 ||   105
Block: Buckler           |    29 |    39 |     4 ||    72
       Kite shield       |       |       |    14 ||    14
